 Dungeon Crawl Stone Soup version 0.20-a0-351-gc9b4002 (webtiles) character file.

791 snakesoul the Slasher (level 7, -7/63 HPs)
             Began as a Minotaur Fighter on Dec 26, 2016.
             Was an Initiate of Okawaru.
             Mangled by a two-headed ogre
             ... wielding a +0 giant club
              (9 damage)
             ... on level 5 of the Dungeon.
             The game lasted 00:06:27 (4704 turns).

snakesoul the Slasher (Minotaur Fighter)            Turns: 4704, Time: 00:06:28

Health: -7/63      AC: 16    Str: 21    XL:     7   Next: 57%
Magic:  6/6        EV:  8    Int:  5    God:    Okawaru [......]
Gold:   396        SH: 10    Dex: 11    Spells: 6/6 levels left

rFire  . . .     SeeInvis .     v - +0 long sword (protect)
rCold  . . .     Gourm    .     b - +0 scale mail
rNeg   . . .     Faith    .     c - +0 shield
rPois  .         Spirit   .     (helmet restricted)
rElec  .         Reflect  .     (no cloak)
rCorr  .         Harm     .     C - +0 pair of gloves
MR     +....                    y - +0 pair of boots
Stlth  ..........               (no amulet)
                                (no ring)
                                l - ring of protection from magic

@: protection aura
A: retaliatory headbutt, horns 2
a: Renounce Religion


You were on level 5 of the Dungeon.
You worshipped Okawaru.
Okawaru was noncommittal.
You were not hungry.

You visited 2 branches of the dungeon, and saw 6 of its levels.

You collected 396 gold pieces.

Inventory:

Hand Weapons
 v - a +0 long sword of protection (weapon)
Missiles
 q - 49 arrows
Armour
 b - a +0 scale mail (worn)
 c - a +0 shield (worn)
 y - a +0 pair of boots (worn)
 C - a +0 pair of gloves (worn)
Jewellery
 l - a ring of protection from magic (left hand)
Wands
 t - a wand of confusion (20/48)
Scrolls
 i - a scroll of enchant armour {unknown}
 j - 4 scrolls of recharging {unknown}
 m - 2 scrolls of random uselessness {unknown}
 n - 3 scrolls of remove curse {unknown}
 o - a scroll of fear {unknown}
 p - 6 scrolls of identify {unknown}
 s - a scroll of blinking {unknown}
 u - 3 scrolls of teleportation {unknown}
 B - a scroll of fog {unknown}
Potions
 a - 5 potions of curing {unknown}
 e - a potion of cure mutation {unknown}
 h - a potion of berserk rage {unknown}
 r - a potion of invisibility {unknown}
 w - a potion of flight {unknown}
 z - 2 potions of cancellation {unknown}
 A - a potion of haste {unknown}
Books
 x - a book of Cantrips

   Spells                             Type                      Level
   a - Confusing Touch                Hexes                        1
   b - Animate Skeleton               Necromancy                   1
   c - Summon Small Mammal            Summoning                    1
   d - Apportation                    Translocation                1
Comestibles
 d - a meat ration
 f - 4 bread rations
 g - 7 fruits
 k - a royal jelly
 D - 6 chunks of flesh


   Skills:
 + Level 6.2 Fighting
 * Level 7.4 Long Blades
 - Level 3.6 Armour
 + Level 6.4 Shields


You had 6 spell levels left.
You didn't know any spells.

Dungeon Overview and Level Annotations

Branches:
Dungeon (5/15)             Temple (1/1) D:5

Altars:
Ashenzari
Dithmenos
Elyvilon
Fedhas
Makhleb
Nemelex Xobeh
Okawaru
Ru
Trog
Xom
Yredelemnul

Shops:
D:4 *!*:[


Innate Abilities, Weirdness & Mutations

You reflexively headbutt those who attack you in melee.
You have a pair of horns on your head.


Message History

The two-headed ogre completely misses you.
You hit the two-headed ogre.
Your headbutt misses the two-headed ogre.
The two-headed ogre is heavily wounded.
You block the two-headed ogre's attack.
The two-headed ogre hits you with a giant spiked club!
* * * LOW HITPOINT WARNING * * *
You hit the two-headed ogre but do no damage.
The two-headed ogre is heavily wounded.
You hit the two-headed ogre but do no damage.
You headbutt the two-headed ogre!
The two-headed ogre is heavily wounded.
You block the two-headed ogre's attack.
The two-headed ogre hits you but does no damage.
You barely miss the two-headed ogre. You headbutt the two-headed ogre!
The two-headed ogre is severely wounded.
The two-headed ogre hits you with a giant club!
* * * LOW HITPOINT WARNING * * *
The two-headed ogre hits you with a giant spiked club!
You die...

.............P
.....#....... .....#
#....##### ....#
#........# #...# #......#.
#.# #....... #(#. #......#
#O#..##......#
#@##....#...## . ####.#
##.....# ###. #....#
#..#.#.###...
..####....####.##.#.##..##
#...........##.##.#.>..#..
####........#.##.........
##..(....................
#..###...................
##.##...#####.............


You could see a two-headed ogre.

Vanquished Creatures
  3 ogres (D:4)
  A bullfrog (D:5)
  2 orc priests (D:5)
  An orc wizard (D:4)
  2 centaur skeletons
  An iguana (D:3)
  5 worker ants
  A hound skeleton (D:4)
  2 worker ant zombies (D:5)
  4 adders
  An ooze (D:3)
  4 worms
  3 dart slugs
  A leopard gecko (D:4)
  12 orcs
  5 giant cockroaches
  12 goblins
  4 hobgoblins
  5 jackals
  6 kobolds
  A quokka (D:2)
  8 bats
  8 frilled lizards
  2 leopard gecko skeletons
  9 rats
103 creatures vanquished.

Vanquished Creatures (others)
  A worm (D:3)
1 creature vanquished.

Grand Total: 104 creatures vanquished

Notes
Turn   | Place    | Note
-------+----------+-------------------------------------------
     0 | D:1      | snakesoul the Minotaur Fighter began the quest for the Orb.
     0 | D:1      | Reached XP level 1. HP: 19/19 MP: 0/0
   104 | D:1      | Reached skill level 3 in Long Blades
   105 | D:1      | Reached XP level 2. HP: 16/27 MP: 1/1
   855 | D:2      | Reached XP level 3. HP: 18/33 MP: 2/2
  1513 | D:2      | Found a shadowy altar of Dithmenos.
  1647 | D:2      | Reached skill level 4 in Long Blades
  1690 | D:3      | Reached XP level 4. HP: 40/41 MP: 3/3
  2321 | D:3      | Reached XP level 5. HP: 40/47 MP: 4/4
  2409 | D:3      | Found a sparkling altar of Nemelex Xobeh.
  2410 | D:3      | Found a shattered altar of Ashenzari.
  2410 | D:3      | Found a burning altar of Makhleb.
  2622 | D:4      | Found Kiosti Guem's Assorted Antiques.
  2632 | D:4      | Reached skill level 5 in Fighting
  2632 | D:4      | Reached skill level 5 in Long Blades
  2665 | D:4      | Reached skill level 5 in Shields
  2874 | D:4      | Noticed an ogre
  2880 | D:4      | HP: 2/48 [ogre/giant club (16)]
  2881 | D:4      | Killed an ogre
  2881 | D:4      | Reached XP level 6. HP: 2/56 MP: 5/5
  3313 | D:4      | Reached skill level 6 in Long Blades
  3467 | D:4      | Found Yvvybac's Antique Armour Shoppe.
  3642 | D:4      | Found Dylluux's Assorted Antiques.
  3797 | D:4      | Found Kicod's Distillery.
  3935 | D:4      | Found Vogoez's Book Boutique.
  4036 | D:4      | Reached XP level 7. HP: 56/62 MP: 6/6
  4240 | D:5      | Entered Level 5 of the Dungeon
  4280 | D:5      | Found a staircase to the Ecumenical Temple.
  4286 | D:5      | Reached skill level 7 in Long Blades
  4298 | Temple   | Entered the Ecumenical Temple
  4414 | Temple   | Became a worshipper of Warmaster Okawaru
  4690 | D:5      | Noticed a two-headed ogre
  4704 | D:5      | HP: 2/63 [two-headed ogre/giant club (17)]
  4704 | D:5      | Mangled by a two-headed ogre

Vault maps used:
D:1:      minmay_arrival_stone_box, serial_bayou_pond_b
D:2:      overflow_temple_1_default
D:3:      grunt_temple_overflow_open, first_bread, minivault_14,
          lightli_corner_chamber
D:4:      serial_shops, shop_fountains, kennysheep_little_box, shop_fountains,
          nicolae_shop_behind_doors, nicolae_shop_waterfront, minmay_unequal
D:5:      dancing_weapons_uskayaw, cheibrodos_gnoll_hut
Temple:   minmay_temple_curvy_branch

Skill      XL: |  1  2  3  4  5  6  7 |
---------------+----------------------+-----
Long Blades    | 3 4 5 6 7 |  7.4
Fighting       | 4 5 6 |  6.2
Shields        | 4 5 6 |  6.4
Armour         | |  3.6

Action                   |  1- 3 |  4- 6 |  7- 9 || total
-------------------------+-------+-------+-------++-------
Melee: Long sword        |    96 |   129 |    56 ||   281
       Headbutt          |    10 |    32 |    17 ||    59
  Use: Potion            |       |     1 |       ||     1
  Eat: Chunk             |     3 |     7 |     2 ||    12
Armor: Scale mail        |    31 |    58 |    20 ||   109
Dodge: Dodged            |    28 |    26 |     8 ||    62
Block: Shield            |    59 |    66 |    24 ||   149
       Rpst.: Long sword |     2 |     8 |     2 ||    12
